 Dungeon Crawl Stone Soup version 0.27.0-1-g7a089689b8 (webtiles) character file.

Game seed: 9570266500113074347

8120 GordonOverkill the Cleaver (level 11, -4/109 HPs)
             Began as a Deep Dwarf Transmuter on Aug 2, 2021.
             Was a Priest of Makhleb.
             Slain by Snorg (21 damage)
             ... on level 11 of the Dungeon.
             The game lasted 00:28:30 (8590 turns).

GordonOverkill the Cleaver (Deep Dwarf Transmuter)  Turns: 8590, Time: 00:28:31

Health: -4/109     AC: 12    Str: 18    XL:     11   Next: 5%
Magic:  7/7        EV:  8    Int: 16    God:    Makhleb [***...]
Gold:   332        SH:  0    Dex: 13    Spells: 12/13 levels left

rFire    . . .     SeeInvis .   G - +6 war axe "Loacomud" {vamp, +Blink rN++ Will++ Int+3}
rCold    . . .     Faith    .   (no shield)
rNeg     + + +     Spirit   .   t - +0 chain mail
rPois    +         Reflect  .   D - +0 helmet
rElec    .         Harm     .   z - +0 cloak
rCorr    .         Rampage  .   a - +0 pair of gloves
Will     +++..                  (no boots)
Stlth    ..........             (no amulet)
HPRegen  0.00/turn              g - ring of poison resistance
MPRegen  0.10/turn              o - ring of positive energy

@: no status effects
A: damage resistance, heal wounds, sense surroundings 2, no regeneration
a: Heal Wounds, Renounce Religion, Evoke Blink, Minor Destruction, Lesser
Servant of Makhleb


You were on level 11 of the Dungeon.
You worshipped Makhleb.
Makhleb was most pleased with you.
You visited 2 branches of the dungeon, and saw 12 of its levels.

You collected 578 gold pieces.
You spent 246 gold pieces at shops.

Inventory:

Hand Weapons
 d - a +0 broad axe
 v - a +4 whip
 E - a +3 morningstar
 G - the +6 war axe "Loacomud" (weapon) {vamp, +Blink rN++ Will++ Int+3}
   (You bought it in a shop on level 1 of the Dungeon)

   It occasionally heals its wielder for a portion of the damage dealt when it
   wounds a living foe.
   Int:       It affects your intelligence (+3).
   rN:        It greatly protects you from negative energy.
   +Blink:    It lets you blink.
   Will:      It greatly increases your willpower.
Missiles
 y - 47 poisoned darts (quivered)
 B - 298 stones
 H - 2 curare-tipped darts
Armour
 a - a +0 pair of gloves (worn)
 t - a +0 chain mail (worn)
 z - a +0 cloak (worn)
 D - a +0 helmet (worn)
Jewellery
 e - an amulet of magic regeneration
 f - a ring of fire
 g - a ring of poison resistance (left hand)
 o - a ring of positive energy (right hand)
Wands
 j - a wand of acid (3)
 I - a wand of polymorph (16)
 J - a wand of iceblast (11)
Scrolls
 b - 5 scrolls of amnesia {unknown}
 c - 2 scrolls of magic mapping
 h - a scroll of brand weapon {unknown}
 k - 3 scrolls of immolation
 p - 3 scrolls of vulnerability {unknown}
 r - a scroll of fear
 w - 5 scrolls of teleportation
 x - a scroll of enchant weapon {unknown}
 C - 2 scrolls of blinking {unknown}
Potions
 i - 3 potions of attraction {unknown}
 l - 4 potions of curing
 m - a potion of mutation
 n - 3 potions of lignification
 q - 4 potions of heal wounds {unknown}
 u - 2 potions of might
 A - 2 potions of flight
 F - 2 potions of invisibility {unknown}


   Skills:
 + Level 10.2 Fighting
 + Level 11.7 Axes
 - Level 2.0 Throwing
 - Level 4.0 Armour
 - Level 4.0 Dodging
 - Level 2.6 Unarmed Combat
 - Level 1.7 Spellcasting
 - Level 1.7 Transmutations
 - Level 4.0 Invocations
 - Level 4.0 Evocations


You had 12 spell levels left.
You knew the following spells:

 Your Spells              Type           Power      Damage    Failure   Level
a - Beastly Appendage     Tmut           14%        N/A       78%         1

Your spell library contained the following spells:

 Spells                   Type           Power      Damage    Failure   Level
 Wereblood                Tmut           7%         N/A       89%         2
 Pain                     Necr           4%         1d4       95%         1
 Static Discharge         Conj/Air       1%         N/A       99%         2
 Sublimation of Blood     Necr           0%         N/A       99%         2
 Spider Form              Tmut/Pois      2%         N/A       99%         3
 Ozocubu's Armour         Ice            1%         N/A       100%        3
 Dispel Undead            Necr           1%         3d6       100%        4
 Ice Form                 Ice/Tmut       4%         N/A       100%        4
 Petrify                  Tmut/Erth      4%         N/A       100%        4
 Sticky Flame             Conj/Fire      1%         2d3       100%        4
 Agony                    Necr           1%         N/A       100%        5
 Excruciating Wounds      Necr           0%         N/A       100%        5
 Irradiate                Conj/Tmut      2%         3d14      100%        5
 Metabolic Englaciation   Hex/Ice        0%         N/A       100%        5
 Simulacrum               Ice/Necr       0%         N/A       100%        6


Dungeon Overview and Level Annotations

Branches:
Dungeon (11/15)            Temple (1/1) D:6            Lair (0/6) D:8
    Orc (0/2) D:11

Altars:
Ashenzari
Cheibriados
Dithmenos
Elyvilon
Fedhas
Gozag
Hepliaklqana
Kikubaaqudgha
Makhleb
Nemelex Xobeh
Okawaru
Qazlal
Ru
Sif Muna
Trog
Uskayaw
Vehumet
Wu Jian
Xom
Yredelemnul
Zin
The Shining One

Shops:
D:1 (   D:6 (   D:9 *

Annotations:
D:4 1 runed translucent door, Descartes's ghost, amateur FeEn
D:8 Gastronok
D:11 Snorg


Innate Abilities, Weirdness & Mutations

You are resistant to damage.
You can heal yourself by infusing magical energy.
You passively map the area around you.
You do not regenerate.


Message History

* * * LOW HITPOINT WARNING * * *
Snorg claws you. Snorg claws you!
* * * LOW HITPOINT WARNING * * *
You closely miss Snorg.
Snorg is moderately wounded.
Snorg bites you.
* * * LOW HITPOINT WARNING * * *
Snorg claws you but does no damage. Snorg completely misses you.
Okay, then.
Unknown command.
Unknown command.
Unknown command.
Okay, then.
Unknown command.
You feel much better. Snorg bites you!
* * * LOW HITPOINT WARNING * * *
Snorg claws you but does no damage. Snorg claws you. Snorg bites you!
* * * LOW HITPOINT WARNING * * *
Snorg claws you but does no damage. Snorg claws you.
You feel much better. Snorg bites you but does no damage.
Snorg completely misses you. Snorg claws you!
* * * LOW HITPOINT WARNING * * *
Okay, then.
Unknown command.
Snorg rages.
Snorg bites you!
* * * LOW HITPOINT WARNING * * *
Snorg claws you. x2
* * * LOW HITPOINT WARNING * * *
You feel much better.
The centaur is no longer covered in acid.
Snorg bites you but does no damage. Snorg claws you but does no damage.
Snorg claws you!
* * * LOW HITPOINT WARNING * * *
You fail to use your ability.
Snorg barely misses you. Snorg claws you!
* * * LOW HITPOINT WARNING * * *
Snorg claws you!
* * * LOW HITPOINT WARNING * * *
Snorg bites you!!
You die...

#####....######
,
#..............
, * *
#..............
, , *
#..............
,*
#..............,
#.......# , ,*
,, #######c# , ,
, , #T#, *,, , *
* #@# , .
#.###+##..., *
#####.........#*
, * *
#..........###
,, *
#......#####.. *
##...........) ,
, #.....#####..
, ,
#.........####,,
*
#......†.....###
,*


You could see Snorg (berserk, corroded) and a centaur.

Vanquished Creatures
  A two-headed ogre (D:10)
  An unseen horror (D:11)
  2 trolls
  A hornet (D:10)
  A shadow (D:10)
  3 vampire mosquitoes (D:11)
  3 wargs
  3 water moccasins
  An acid dragon (D:9)
  4 black bears
  A sky beast (D:6)
  A necrophage (D:5)
  6 ogres
  An ice beast (D:7)
  7 centaurs
  2 phantoms
  6 kobold brigands
  3 wyvern zombies
  A bullfrog (D:9)
  3 scorpions
  A water moccasin zombie (D:5)
  A water moccasin skeleton (D:5)
  6 killer bees (D:7)
  10 wights
  10 howler monkeys
  2 bullfrog zombies (D:6)
  3 centaur zombies
  5 hounds
  3 jellies
  A bullfrog skeleton (D:6)
  5 orc priests
  A centaur skeleton (D:7)
  3 iguanas
  6 orc wizards
  3 killer bee zombies
  8 adders
  6 gnolls
  3 white imps
  2 ufetubi
  A worm (D:2)
  A dart slug (D:3)
  27 orcs
  3 bats
  5 endoplasms
  3 giant cockroaches
  5 goblins
  9 hobgoblins
  12 jackals
  4 quokkas
  9 ball pythons
  A frilled lizard (D:3)
  A jackal skeleton (D:4)
  34 kobolds
  4 rats
249 creatures vanquished.

Notes
Turn   | Place    | Note
-------+----------+-------------------------------------------
     0 | D:1      | GordonOverkill the Deep Dwarf Transmuter began the quest
                  | for the Orb.
     0 | D:1      | Reached XP level 1. HP: 16/16 MP: 3/3
    25 | D:2      | Found a shadowy altar of Dithmenos.
    66 | D:2      | Reached skill level 1 in Fighting
   131 | D:1      | Found Xyane's Antique Weapon Shop.
   258 | D:1      | Reached XP level 2. HP: 10/26 MP: 1/4
   411 | D:2      | Reached skill level 1 in Axes
   441 | D:1      | Found a faded altar of an unknown god.
   807 | D:2      | Reached XP level 3. HP: 19/32 MP: 5/5
   965 | D:2      | Reached skill level 2 in Axes
  1709 | D:3      | Reached XP level 4. HP: 23/40 MP: 3/6
  1782 | D:3      | Found a glowing golden altar of the Shining One.
  2040 | D:3      | Reached skill level 3 in Axes
  2085 | D:3      | Reached XP level 5. HP: 30/49 MP: 7/7
  2492 | D:4      | Found a stormy altar of Qazlal.
  2494 | D:4      | Found an iron altar of Okawaru.
  2557 | D:4      | Noticed a black bear
  2647 | D:4      | Noticed Descartes's ghost (amateur FeEn)
  2652 | D:4      | Found a runed translucent door.
  2666 | D:4      | Found a bloodstained altar of Trog.
  2676 | D:4      | Noticed an ogre
  2680 | D:4      | Noticed a centaur
  2715 | D:3      | Reached skill level 1 in Armour
  2775 | D:4      | Noticed a phantom
  2796 | D:3      | Killed a black bear
  2797 | D:3      | Reached skill level 4 in Axes
  2797 | D:3      | Reached XP level 6. HP: 53/57 MP: 7/7
  2887 | D:4      | Reached skill level 1 in Evocations
  2907 | D:4      | Reached XP level 7. HP: 40/66 MP: 7/7
  3049 | D:5      | Entered Level 5 of the Dungeon
  3064 | D:5      | Reached skill level 5 in Axes
  3190 | D:5      | Found a radiant altar of Vehumet.
  3215 | D:5      | Reached skill level 5 in Fighting
  3230 | D:5      | Reached XP level 8. HP: 42/74 MP: 7/7
  3261 | D:5      | Reached skill level 6 in Axes
  3773 | D:6      | Reached skill level 7 in Axes
  3945 | D:6      | Found a staircase to the Ecumenical Temple.
  3987 | D:6      | Reached skill level 8 in Axes
  3987 | D:6      | Gained mutation: You passively map the area around you.
                  | [Deep Dwarf growth]
  3987 | D:6      | Reached XP level 9. HP: 55/86 MP: 7/7
  4145 | D:6      | Found Xushre's Weapon Boutique.
  4416 | Temple   | Entered the Ecumenical Temple
  4829 | Temple   | Became a worshipper of Makhleb the Destroyer
  4916 | D:6      | Reached skill level 1 in Throwing
  4916 | D:6      | Reached skill level 1 in Invocations
  5296 | D:7      | Reached skill level 9 in Axes
  5447 | D:7      | Reached * piety under Makhleb
  5480 | D:7      | Found an ancient bone altar of Kikubaaqudgha.
  5858 | D:1      | Bought an ichor-stained war axe for 246 gold pieces
  5858 | D:1      | Identified the +6 war axe "Loacomud" {vamp, +Blink rN++
                  | Will++ Int+3} (You bought it in a shop on level 1 of the
                  | Dungeon)
  6001 | D:8      | Found a staircase to the Lair.
  6227 | D:8      | Noticed Gastronok
  6298 | D:8      | Reached XP level 10. HP: 69/97 MP: 8/8
  6317 | D:8      | Found a white marble altar of Elyvilon.
  6340 | D:8      | Reached ** piety under Makhleb
  6725 | D:9      | Reached skill level 10 in Axes
  6805 | D:9      | Found Jideyts's CLEARANCE SALE! EVERYTHING MUST GO!.
  7042 | D:8      | Found a hazy altar of Hepliaklqana.
  7045 | D:8      | Found a hide-covered altar of Uskayaw.
  7505 | D:9      | Found Jideyts's CLEARANCE SALE! EVERYTHING MUST GO!.
  7839 | D:10     | Entered Level 10 of the Dungeon
  7839 | D:10     | Noticed a two-headed ogre
  7842 | D:10     | Killed a two-headed ogre
  7953 | D:10     | Found an opulent altar of Gozag.
  8105 | D:10     | Reached skill level 11 in Axes
  8474 | D:11     | Reached skill level 10 in Fighting
  8474 | D:11     | Found a staircase to the Orcish Mines.
  8556 | D:11     | Reached XP level 11. HP: 72/108 MP: 7/7
  8559 | D:11     | Reached *** piety under Makhleb
  8575 | D:11     | Noticed Snorg
  8590 | D:11     | Slain by Snorg

Illustrated notes

Levels and vault maps discovered:
D:1:      elethiomel_arrival_shortcut, layout_rooms,
          hellmonk_ecumenical_altar_blasted, serial_shops,
          nicolae_shop_waterfront, hangedman_decor_points
D:2:      layout_basic, basic_altar
D:3:      layout_basic, mainiacjoe_overflow_cross_hatched
D:4:      layout_rooms, overflow_temple_1_default,
          chequers_temple_overflow_statue_of_worship,
          hellmonk_ghost_happy_afterlife, grunt_ministairs_14, minmay_checkerbox
D:5:      layout_loops_ring, overflow_temple_1_default, kennysheep_potato
D:6:      layout_rooms, minmay_temple_entry_trees, serial_shops, shop_statue
D:7:      layout_rooms, lemuel_doored_altar, serial_bayou_pond_b
D:8:      layout_rooms, amcnicky_altar_gilded, minitemple,
          erik_lair_orcish_takeover, minmay_misc_feat_chi, uniq_gastronok
D:9:      layout_small_grid, minmay_misc_feat_roman,
          hangedman_decor_diamond_cutter, nicolae_shop_clearance
D:10:     layout_roguey, grunt_gozag_statues, minmay_misc_feat_ornament
D:11:     minmay_general_purpose_star, layout_irregular_city,
          minmay_orc_entry_temple_small, serial_park_tiny_2,
          hangedman_ru_absence, uniq_snorg
Temple:   minmay_temple_forest_path

Skill      XL: |  1  2  3  4  5  6  7  8  9 10 |
---------------+-------------------------------+-----
Fighting       | 1 2 3 4 5 7 8 10 | 10.2
Axes           | 1 2 3 4 5 8 9 11 | 11.7
Armour         | 1 2 4 |  4.0
Evocations     | 1 4 |  4.0
Throwing       | 2 |  2.0
Invocations    | 4 |  4.0
Dodging        | 3 4 |  4.0
Unarmed Combat | |  2.6
Spellcasting   | |  1.7
Transmutations | |  1.7

Action                   |  1- 3 |  4- 6 |  7- 9 | 10-12 || total
-------------------------+-------+-------+-------+-------++-------
Melee: Unarmed           |    21 |       |       |       ||    21
       Headbutt          |     6 |     1 |       |       ||     7
       Kick              |     6 |     4 |       |       ||    10
       Short sword       |    85 |   177 |     2 |       ||   264
       Punch             |       |     1 |     5 |       ||     6
       Whip              |       |       |   421 |       ||   421
       War axe           |       |       |    59 |   188 ||   247
Throw: Stone             |     5 |     3 |     1 |       ||     9
       Dart              |       |       |    12 |       ||    12
 Cast: Beastly Appendage |    12 |     3 |       |       ||    15
 Abil: Heal Wounds       |     3 |     9 |    16 |     9 ||    37
Evoke: Wand              |       |     5 |    20 |     4 ||    29
  Use: Scroll            |     2 |     1 |     7 |     1 ||    11
Armor: Robe              |    14 |       |       |       ||    14
       Ring mail         |    11 |    33 |       |       ||    44
       Leather armour    |     1 |       |       |       ||     1
       Chain mail        |       |    81 |   329 |   136 ||   546
Dodge: Dodged            |    70 |   101 |   193 |   112 ||   476
